 Dungeon Crawl Stone Soup version 0.18.1-50-g88ac8fd (console) character file.

4402 Kloppie the Cleaver (level 10, -13/136 HPs)
             Began as a Hill Orc Berserker on Oct 16, 2016.
             Was a High Priest of Trog.
             Mangled by an orc knight
             ... wielding a +0 glaive
              (22 damage)
             ... in a bailey.
             The game lasted 00:15:17 (7969 turns).

Kloppie the Cleaver (Hill Orc Berserker)            Turns: 7969, Time: 00:15:18

Health: -13/136    AC: 17    Str: 26    XL:     10   Next: 35%
Magic:  10/10      EV: 16    Int:  7    God:    Trog [*****.]
Gold:   296        SH:  0    Dex: 18    Spells: 0 memorised, 9 levels left

rFire  . . .     SeeInvis +     a - +4 war axe
rCold  . . .     Gourm    +     D - +3 scale mail {rPois}
rNeg   . . .     Faith    .     (no shield)
rPois  +         Spirit   .     w - +2 helmet
rElec  .         Dismiss  .     (no cloak)
rCorr  .         Reflect  .     (no gloves)
SustAt +         Harm     .     h - +1 pair of boots
MR     .....                    d - amulet of the gourmand
Stlth  ..........               L - ring of sustain attributes
                                y - ring of see invisible

@: mighty, agile, berserking, flying, very quick, not resistant to hostile
enchantments, extremely unstealthy
A: no striking features
a: Berserk, Trog's Hand, Brothers in Arms, Burn Spellbooks, Renounce Religion


You were in a bailey.
You worshipped Trog.
Trog was extremely pleased with you.
You were completely stuffed.

You visited 1 branch of the dungeon, and saw 9 of its levels.
You also visited: Bailey.

You collected 524 gold pieces.
You spent 228 gold pieces at shops.

Inventory:

Hand Weapons
 a - a +4 war axe (weapon)
 b - the +0 executioner's axe of Gallantry {distort, Str+4 Stlth+}
   (You acquired it on level 8 of the Dungeon)

   It warps and distorts space around it.
   Unwielding it can cause banishment or high damage.
   It affects your strength (+4).
   It makes you more stealthy.
 u - a +0 hand axe
Armour
 h - a +1 pair of boots (worn)
 w - a +2 helmet (worn)
 D - a +3 scale mail of poison resistance (worn)
 F - the +3 helmet "Vuot" {rF- rN+ Str+4}
   (You found it on level 6 of the Dungeon)

   It affects your strength (+4).
   It makes you vulnerable to fire.
   It protects you from negative energy.
 M - a cursed +0 scale mail
Jewellery
 d - an amulet of the gourmand (around neck)
 y - a ring of see invisible (left hand)
 L - a ring of sustain attributes (right hand)
Wands
 r - a wand of slowing (48/48)
 v - a wand of flame (34/48)
 z - a wand of iceblast (12/15)
 G - a wand of polymorph (8/24)
 I - a wand of flame (5/48)
Scrolls
 f - 2 scrolls of enchant weapon
 l - 7 scrolls of recharging
 o - 3 scrolls of remove curse
 t - 2 scrolls of teleportation
 B - a scroll of enchant armour
 H - a scroll of vulnerability {unknown}
 J - 2 scrolls of amnesia {unknown}
Potions
 e - 6 potions of curing
 g - a potion of lignification
 j - a potion of might
 m - a potion of resistance
 q - 2 potions of flight
 s - 2 potions of ambrosia
 x - a potion of cancellation {unknown}
 A - a potion of brilliance {unknown}
 C - a potion of magic {unknown}
 K - a potion of cure mutation {unknown}
Comestibles
 c - 4 bread rations
 k - 6 meat rations
 n - a royal jelly
 p - a beef jerky
 E - 2 chunks of flesh


   Skills:
 - Level 9.0 Fighting
 + Level 13.6 Axes
 + Level 9.0 Armour
 - Level 1.5 Dodging


You had 9 spell levels left.
You didn't know any spells.

Dungeon Overview and Level Annotations

Branches:
Dungeon (9/15)             Temple (0/1) D:6
   Lair: D:8-11         Orc: D:9-12

Altars:
Ashenzari
Dithmenos
Fedhas
Gozag
Kikubaaqudgha
Makhleb
Okawaru
Pakellas
Qazlal
Sif Muna
Trog
Zin

Shops:
D:4 [(**   D:6 ===


Message History

The orc warrior barely misses you.
You barely miss the orc knight.
The orc knight is almost dead.
You hit the orc knight.
The orc knight is heavily wounded.
The orc warrior barely misses you.
You barely miss the orc knight.
The orc knight is almost dead.
You barely miss the orc knight.
The orc knight is heavily wounded.
The orc knight closely misses you. x2
You hit the orc knight.
The orc knight is almost dead.
You slash the orc knight!
The orc knight is severely wounded.
The orc warrior barely misses you.
The orc warrior hits you from afar with a trident!
* * * LOW HITPOINT WARNING * * *
The orc knight hits you from afar with a glaive!!
You die...

##.........## ##..≈≈≈≈≈≈≈..##
##..≈≈.....≈≈..##
######..≈≈..###[.≈≈..##########
.......≈≈..## ##..≈≈..........#
≈≈≈≈≈≈≈≈.o##.∩.##..≈≈≈≈≈≈≈≈≈≈.#
oo.......##.... ##.......[..≈.#
#############+###'#########.≈.#
## #.......@.## ##.≈.# .##
..≈≈≈≈≈≈≈..# ##..≈.# ..##
.≈≈...oo≈§..# ##..≈≈.# ≈..#
≈≈§.§⌠⌠oo≈§..# #..≈≈.∩# ≈..#
≈§..§⌠§..≈≈..#+#..≈≈.## ..##
.§§§§...≈≈..'#.##).≈≈.# .##
§.§≈≈≈≈≈≈..##...##..≈.# ##.$$
#....§....##....o##.≈.# #####
#####+#############.≈.#


You could see 2 orc knights and 2 orc warriors.

Vanquished Creatures
  A slime creature (D:9)
  A hippogriff (D:9)
  Grum (D:9)
  The ghost of MorganBlackhand the Magician, an amateur HEWz (D:3)
  3 orc warriors
  2 ice beasts (D:9)
  A black bear (D:9)
  2 sky beasts
  A necrophage (D:6)
  3 ogres
  4 phantoms
  4 wolves (D:9)
  5 centaurs
  6 giant frogs
  A scorpion (D:6)
  3 killer bees
  A howler monkey (D:9)
  2 crimson imps (D:5)
  A quasit (D:7)
  2 jellies
  2 orc priests
  3 hounds
  2 giant frog skeletons
  A centaur skeleton (D:7)
  9 orc wizards
  4 worker ants
  A killer bee zombie (D:8)
  A hound zombie (D:5)
  A worker ant zombie (D:9)
  13 adders
  A gnoll (D:9)
  3 oozes
  An adder skeleton (D:5)
  7 worms
  3 dart slugs
  A giant gecko (D:7)
  43 orcs
  5 bats
  12 goblins
  5 hobgoblins
  10 jackals
  9 quokkas
  A giant gecko skeleton (D:8)
  3 giant newts
  6 kobolds
  A quokka zombie (D:7)
  9 rats
202 creatures vanquished.

Notes
Turn   | Place    | Note
--------------------------------------------------------------
     0 | D:1      | Kloppie the Hill Orc Berserker began the quest for the Orb.
     0 | D:1      | Reached XP level 1. HP: 19/19 MP: 1/1
   319 | D:1      | Reached XP level 2. HP: 23/27 MP: 2/2
  1001 | D:2      | Reached skill level 5 in Axes
  1001 | D:2      | Reached XP level 3. HP: 33/33 MP: 3/3
  1043 | D:2      | Found an iron altar of Okawaru.
  1249 | D:2      | Reached ** piety under Trog
  1614 | D:2      | Reached XP level 4. HP: 41/41 MP: 4/4
  1991 | D:3      | Reached skill level 5 in Fighting
  1991 | D:3      | Reached skill level 6 in Axes
  2034 | D:3      | Reached XP level 5. HP: 48/48 MP: 5/5
  2048 | D:3      | Noticed MorganBlackhand's ghost (amateur HEWz)
  2058 | D:3      | Killed MorganBlackhand's ghost
  2058 | D:3      | Reached XP level 6. HP: 57/57 MP: 6/6
  2174 | D:3      | Reached skill level 7 in Axes
  2276 | D:3      | Found a burning altar of Makhleb.
  2277 | D:3      | Found a blossoming altar of Fedhas.
  2635 | D:3      | You fall through a shaft for 2 floors!
  2635 | D:5      | Entered Level 5 of the Dungeon
  2644 | D:5      | Noticed a sky beast
  2654 | D:4      | Reached *** piety under Trog
  2681 | D:4      | Found Casse's General Store.
  2738 | D:4      | Bought a scroll of remove curse for 36 gold pieces
  2738 | D:4      | Bought a potion of degeneration for 12 gold pieces
  2738 | D:4      | Bought a scroll of teleportation for 36 gold pieces
  2756 | D:4      | Found a stormy altar of Qazlal.
  2784 | D:4      | Reached XP level 7. HP: 48/64 MP: 7/7
  3104 | D:4      | Found Ydanyevi's Assorted Antiques.
  3109 | D:4      | Bought a scroll labeled FYRAED NUQO for 24 gold pieces
  3109 | D:4      | Bought a scroll labeled YPIUHAH MAMNE for 24 gold pieces
  3154 | D:4      | Found Cifeth's Antique Armour Boutique.
  3180 | D:4      | Found an oddly glowing altar of Pakellas.
  3336 | D:4      | Reached skill level 8 in Axes
  3344 | D:4      | Found Piplas's Antique Weapon Shop.
  4178 | D:5      | Got a steaming lapis lazuli ring
  4586 | D:5      | Reached skill level 9 in Axes
  4658 | D:4      | Bought a shiny scale mail for 96 gold pieces
  4705 | D:6      | Found Pukloum's Jewellery Boutique.
  4713 | D:6      | Reached XP level 8. HP: 62/74 MP: 8/8
  4717 | D:6      | Identified the cursed ring "Dizum" {rC- rN++ EV-3 Int+3} (You found it on level 5 of the Dungeon)
  5060 | D:6      | Found an ancient bone altar of Kikubaaqudgha.
  5095 | D:6      | Found Godulura's Jewellery Shop.
  5100 | D:6      | Found a staircase to the Ecumenical Temple.
  5138 | D:6      | Reached **** piety under Trog
  5141 | D:6      | Reached skill level 10 in Axes
  5186 | D:6      | Got a warped helmet
  5192 | D:6      | Identified the +3 helmet "Vuot" {rF- rN+ Str+4} (You found it on level 6 of the Dungeon)
  5290 | D:6      | Found Nuheuwudu's Jewellery Emporium.
  5586 | D:7      | Found a glowing silver altar of Zin.
  5586 | D:7      | Found an opulent altar of Gozag.
  5836 | D:7      | Found a deep blue altar of Sif Muna.
  5925 | D:7      | Reached XP level 9. HP: 63/83 MP: 9/9
  5973 | D:7      | Reached skill level 11 in Axes
  5973 | D:7      | Reached skill level 5 in Armour
  6098 | D:7      | Got a scorched ring mail
  6109 | D:7      | Identified the +3 ring mail of Ythinoeb {+Fly rN+ Dex+6 Stlth-} (You found it on level 7 of the Dungeon)
  6135 | D:8      | Found an oddly glowing altar of Pakellas.
  6303 | D:8      | Found a shadowy altar of Dithmenos.
  6327 | D:8      | Noticed a moth of wrath
  6329 | D:8      | Found a bloodstained altar of Trog.
  6734 | D:8      | Found a shattered altar of Ashenzari.
  7066 | D:8      | Identified a scroll of acquirement
  7067 | D:8      | Got a twisted executioner's axe
  7248 | D:9      | Noticed Grum
  7249 | D:9      | Reached skill level 12 in Axes
  7261 | D:9      | Killed Grum
  7424 | D:9      | Reached XP level 10. HP: 76/91 MP: 10/10
  7437 | D:9      | Reached skill level 13 in Axes
  7483 | D:9      | Identified the +0 executioner's axe of Gallantry {distort, Str+4 Stlth+} (You acquired it on level 8 of the Dungeon)
  7499 | D:9      | Reached ***** piety under Trog
  7692 | D:9      | Found a flagged portal.
  7697 | D:9      | Received a gift from Trog
  7714 | Bailey   | Entered a bailey
  7913 | Bailey   | Noticed an orc knight
  7914 | Bailey   | Noticed an orc knight
  7969 | Bailey   | Mangled by an orc knight

Skill      XL: |  1  2  3  4  5  6  7  8  9 10 |
---------------+-------------------------------+-----
Fighting       | 4 5 6 8 9 |  9.0
Axes           | 5 6 7 9 10 12 13 | 13.6
Armour         | 4 8 9 |  9.0
Dodging        | |  1.5

Action                   |  1- 3 |  4- 6 |  7- 9 | 10-12 || total
-------------------------+-------+-------+-------+-------++-------
Melee: Hand axe          |    89 |   125 |   215 |       ||   429
       War axe           |       |       |   200 |   116 ||   316
Invok: Berserk           |     3 |     5 |     4 |     4 ||    16
       Trog's Hand       |       |     2 |       |     2 ||     4
  Use: Scroll            |       |       |    20 |     3 ||    23
       Potion            |       |       |       |     3 ||     3
 Stab: Sleeping          |     1 |       |       |       ||     1
  Eat: Chunk             |     5 |    25 |    20 |     6 ||    56
Armor: Animal skin       |    14 |     3 |       |       ||    17
       Scale mail        |       |    56 |   171 |    90 ||   317
Dodge: Dodged            |    41 |    58 |   175 |    92 ||   366
